 Dungeon Crawl Stone Soup version 0.28.0 (webtiles) character file.

Game seed: 2365086065966049513

63 AmazingTV the Skirmisher (level 3, -2/33 HPs)
             Began as a Minotaur Monk on Mar 20, 2024.
             Slain by Crazy Yiuf (10 damage)
             ... on level 2 of the Dungeon.
             The game lasted 00:02:44 (1249 turns).

AmazingTV the Skirmisher (Minotaur Monk)            Turns: 1249, Time: 00:02:45

Health: -2/33      AC:  2    Str: 17    XL:     3   Next: 89%
Magic:  2/2        EV: 12    Int:  7    God:
Gold:   35         SH:  0    Dex: 12    Spells: 2/2 levels left

rFire   . . .      SeeInvis .   a - +0 mace {mace}
rCold   . . .      Faith    .   (no shield)
rNeg    . . .      Spirit   .   b - +0 robe
rPois   .          Reflect  .   (helmet restricted)
rElec   .          Harm     .   (no cloak)
rCorr   .          Rampage  .   (no gloves)
Will    .....                   (no boots)
Stlth   ++........              (no amulet)
HPRegen 0.11/turn               (no ring)
MPRegen 0.08/turn               (no ring)

@: no status effects
A: horns 2, retaliatory headbutt
a: no special abilities


You were on level 2 of the Dungeon.
You visited 1 branch of the dungeon, and saw 2 of its levels.

You collected 35 gold pieces.


Innate Abilities, Weirdness & Mutations

You have a pair of horns on your head.
You reflexively headbutt those who attack you in melee.


   Skills:
 + Level 4.1 Fighting
 + Level 1.5(3.0) Axes
 + Level 4.1(4.2) Maces & Flails
 + Level 1.7 Armour
 - Level 3.2 Dodging
 - Level 1.8 Stealth
 + Level 1.6 Shields


You had 2 spell levels left.
You didn't know any spells.
Your spell library contained the following spells:

 Spells                   Type           Power      Damage    Failure   Level
 Ensorcelled Hibernation  Hex/Ice        0%         N/A       56%         2
 Spider Form              Tmut/Pois      0%         N/A       80%         3
 Anguish                  Hex/Necr       0%         N/A       99%         4

Inventory:

Hand Weapons
 a - a +0 mace (weapon) {mace}
Missiles
 c - 56 stones (quivered)
 h - 21 bolts
 j - 2 poisoned darts
 l - 2 boomerangs
 n - 10 arrows
Armour
 b - a +0 robe (worn)
 f - a +1 robe of willpower
   (You found it on level 1 of the Dungeon)
Scrolls
 d - 2 scrolls of identify {unknown}
 k - a scroll of teleportation {unknown}
 m - a scroll of magic mapping {unknown}
 o - a scroll of fog {unknown}
Potions
 e - a potion of attraction {unknown}
 g - a potion of berserk rage {unknown}
 i - 2 potions of heal wounds {unknown}

Dungeon Overview and Level Annotations

Branches:
Dungeon (2/15)

Altars:
Beogh

Annotations:
D:2 Crazy Yiuf

....)..............>........##
....####........###########..#
....# #.........# ##.# ....#
#.....##### #.# ....###.....#
#.# ##..........# #######.##
...#.#.#....#
########.#...'..#
#...........#
#g..##..#.......#
#..#.#.#..###
#.@.'.####......# #.........#
#)..### ##..+.## #..#.#.#..#
##### ###### #>.......##
##.##.##.# ......##.#
##..####.# .........#
###.####.#


You could see Crazy Yiuf.


Message History

You hit the bat. You headbutt the bat, but do no damage.
The bat closely misses you. You furiously retaliate!
You headbutt the bat!
You kill the bat!
The bat closely misses you. You furiously retaliate!
You headbutt the bat.
You kill the bat!
You hit the endoplasm. You headbutt the endoplasm.
You kill the endoplasm!
A rat comes into view.
A quokka comes into view.
An endoplasm comes into view.
The rat closely misses you.
You hit the rat but do no damage. You headbutt the rat.
You kill the rat!
You sock the quokka!
You kill the quokka!
An endoplasm is nearby!
You see here a quokka corpse.
The endoplasm quivers.
You completely miss the endoplasm. The endoplasm barely misses you.
You sock the endoplasm!
You kill the endoplasm!
No target in view!
There is an escape hatch in the ceiling here.
A ball python comes into view.
A ball python is nearby!
The ball python hisses angrily.
An endoplasm comes into view.
The endoplasm freezes you.
You are frozen.
The ball python bites you but does no damage.
The ball python grabs you.
The ball python constricts you. 😕 HP[-4]
You take 4 damage, and now have 29/33 hp.
You closely miss the ball python. You headbutt the ball python.
You kill the ball python!
The endoplasm barely misses you. You furiously retaliate!
You headbutt the endoplasm!
You kill the endoplasm!
c - 56 stones (gained 16)
You open the door.
There is an open door here.
Found a stone staircase leading up. 😎 HP[+4]
Your hp is fully restored (33).
You pick up a book of Dreams and begin reading...
You add the spells Ensorcelled Hibernation, Spider Form and Anguish to your library.
n - 10 arrows
There is a stone staircase leading up here.
You open the door.
There is an open door here.
You open the door.
There is an open door here.
You open the door.
There is an open door here.
o - a scroll labelled DUSES UTTORCHUM You open the door.
There is an open door here.
You see here an adder skeleton.
Found a stone staircase leading down.
There is a stone staircase leading down here.
Found a stone staircase leading up.
There is a stone staircase leading down here.
As you open the door, it creaks loudly!
There is an open door here.
There is a stone staircase leading down here.
There is an open door here.
You open the door.
There is an open door here.
A frilled lizard comes into view.
You see here 10 gold pieces.
You now have 35 gold pieces (gained 10).
The frilled lizard hisses angrily.
The frilled lizard barely misses you.
You barely miss the frilled lizard. The frilled lizard misses you.
You furiously retaliate!
You headbutt the frilled lizard.
You kill the frilled lizard!
You see here a frilled lizard corpse.
There is an open door here.
There is an open door here.
There is a stone staircase leading down here.
There is an open door here.
You open the door.
There is an open translucent door here.
Crazy Yiuf zaps a wand.
You resist with significant effort.
You hit Crazy Yiuf but do no damage. Crazy Yiuf barely misses you.
Crazy Yiuf hits you with a +4 quarterstaff of chaos!
Crazy Yiuf freezes you. 😮 HP[-16]
You take 16 damage, and now have 17/33 hp.
MASSIVE DAMAGE!! (PAUSE)
You barely miss Crazy Yiuf. You headbutt Crazy Yiuf.
Crazy Yiuf yells, "Trifle!"
Crazy Yiuf barely misses you.
You barely miss Crazy Yiuf.
Crazy Yiuf hits you with a +4 quarterstaff of chaos!
* * * LOW HITPOINT WARNING * * *
You are electrocuted!
You die...

Skill      XL: |  1  2  3 |
---------------+----------+-----
Axes           | 1 |  1.5
Armour         | 1 |  1.7
Shields        | 1 |  1.6
Fighting       | 4 |  4.1
Maces & Flails | 4 |  4.1
Dodging        | |  3.2
Stealth        | |  1.8

Action                   || total
-------------------------++-------
Melee: Mace              ||    66
       Headbutt          ||    13
Armor: Robe              ||    15
Dodge: Dodged            ||    52

Levels and vault maps discovered:
D:1:      lemuel_arrival_muddy, layout_rooms,
          hellmonk_ecumenical_altar_defaced_shrine
D:2:      layout_basic, serial_glass, glass_columns_b, glass_columns_c,
          glass_columns_c, glass_columns_a, glass_columns_b, glass_columns_b,
          glass_columns_c, glass_columns_c, glass_columns_a, glass_columns_a,
          glass_columns_a, glass_columns_a, glass_columns_b, glass_columns_c,
          uniq_crazy_yiuf_cottage

Notes
Turn   | Place    | Note
-------+----------+-------------------------------------------
     0 | D:1      | AmazingTV the Minotaur Monk began the quest for the Orb.
     0 | D:1      | Reached XP level 1. HP: 19/19 MP: 0/0
     0 | D:1      | magus.rc [v1.9.6]
   106 | D:1      | Reached XP level 2. HP: 27/27 MP: 1/1
   179 | D:1      | Reached skill level 1 in Axes
   191 | D:1      | Found a faded altar of an unknown god.
   247 | D:1      | Reached skill level 1 in Armour
   247 | D:1      | Reached skill level 1 in Shields
   492 | D:2      | Reached XP level 3. HP: 33/33 MP: 2/2
   531 | D:2      | Reached skill level 4 in Fighting
   574 | D:2      | Reached skill level 4 in Maces & Flails
   851 | D:2      | You pick up a book of Dreams and begin reading...
   851 | D:2      | You add the spells Ensorcelled Hibernation, Spider Form and
                  | Anguish to your library.
  1041 | D:2      | Found a runed translucent door.
  1042 | D:2      | Noticed Crazy Yiuf
  1249 | D:2      | HP: 8/33 [Crazy Yiuf (10)]
  1249 | D:2      | Slain by Crazy Yiuf

Vanquished Creatures
  A gnoll (D:1)
  An adder (D:2)
  2 worms (D:2)
  2 dart slugs
  5 bats
  5 endoplasms (D:2)
  2 goblins
  4 hobgoblins
  3 quokkas
  3 ball pythons
  2 frilled lizards (D:2)
  5 rats
35 creatures vanquished.

Table legend:
 A = Non-vault XP
 B = Vault XP
 C = Vault XP percentage of total XP
 D = Non-vault monster count
 E = Vault monster count
 F = Vault count percentage of total count
                 A         B        C        D         E       F
            +---------+---------+-------+---------+---------+-------
      Total |      85 |       6 |   6.6 |      32 |       3 |   8.6
            +---------+---------+-------+---------+---------+-------
        D:1 |      26 |       6 |  18.8 |       8 |       3 |  27.3
        D:2 |      59 |       0 |   0.0 |      24 |       0 |   0.0
            +---------+---------+-------+---------+---------+-------

Illustrated notes

Table legend:
 A = Kills in this place as a percentage of kills in entire the game.
 B = Kills by you in this place as a percentage of kills by you in the entire game.
 C = Kills by friends in this place as a percentage of kills by friends in the entire game.
 D = Other kills in this place as a percentage of other kills in the entire game.
 E = Experience gained in this place as a percentage of experience gained in the entire game.
 F = Experience gained in this place divided by the number of levels of this place that you have seen.
                   A       B       C       D       E      F
               +-------+-------+-------+-------+-------+----------------------
         Total | 100.0 | 100.0 |   N/A |   N/A | 100.0 |  45.5
       Dungeon | 100.0 | 100.0 |   N/A |   N/A | 100.0 |  45.5
               +-------+-------+-------+-------+-------+----------------------

Table legend: (Time is in decaauts)
 A = Elapsed time spent in this place.
 B = Non-inter-level travel time spent in this place.
 C = Inter-level travel time spent in this place.
 D = Time resting spent in this place.
 E = Time spent auto-exploring this place.
 F = Levels seen in this place.
 G = Mean time per level.
                   A        B        C        D        E       F      G
               +--------+--------+--------+--------+--------+-----+--------+
         Total |   1261 |   1226 |     35 |      0 |   1031 |   2 |  630.5 |
       Dungeon |   1261 |   1226 |     35 |      0 |   1031 |   2 |  630.5 |
               +--------+--------+--------+--------+--------+-----+--------+

Top non-repeatable levels by time:
     D:2: 804 daAuts
     D:1: 457 daAuts
